 Dungeon Crawl Stone Soup version 0.21.1-1-g345015f (webtiles) character file.

275 theRoog the Chopper (level 6, -1/56 HPs)
             Began as a Minotaur Berserker on June 1, 2018.
             Was a Believer of Trog.
             Killed by divine providence
             ... invoked by an orc priest
              (12 damage)
             ... on level 3 of the Dungeon.
             The game lasted 00:02:56 (1793 turns).

theRoog the Chopper (Minotaur Berserker)            Turns: 1793, Time: 00:02:57

Health: -1/56      AC:  2    Str: 24    XL:     6   Next: 3%
Magic:  5/5        EV: 13    Int:  4    God:    Trog [**....]
Gold:   146        SH:  0    Dex:  9    Spells: 5/5 levels left

rFire    . . .     SeeInvis .   a - +0 hand axe
rCold    . . .     Gourm    .   (no shield)
rNeg     . . .     Faith    .   b - +0 animal skin
rPois    .         Spirit   .   (helmet restricted)
rElec    .         Reflect  .   (no cloak)
rCorr    .         Harm     .   (no gloves)
MR       .....                  (no boots)
Stlth    +.........             (no amulet)
HPRegen  0.18/turn              (no ring)
MPRegen  0.09/turn              (no ring)

@: no status effects
A: retaliatory headbutt, horns 2
a: Berserk, Trog's Hand, Burn Spellbooks, Renounce Religion


You were on level 3 of the Dungeon.
You worshipped Trog.
Trog was pleased with you.
You were not hungry.

You visited 1 branch of the dungeon, and saw 3 of its levels.

You collected 146 gold pieces.

Inventory:

Hand Weapons
 a - a +0 hand axe (weapon)
Armour
 b - a +0 animal skin (worn)
Jewellery
 k - an uncursed ring of stealth {unknown}
 l - a cursed amulet of inaccuracy {unknown}
 p - a cursed ring of teleportation {unknown}
Scrolls
 e - a scroll of teleportation {unknown}
 h - a scroll of remove curse {unknown}
 i - a scroll of fog {unknown}
 j - 2 scrolls of identify {unknown}
Potions
 d - 4 potions of curing {unknown}
 f - a potion of berserk rage {unknown}
 g - a potion of magic {unknown}
 m - a potion of haste {unknown}
 n - a potion of heal wounds {unknown}
 o - a potion of lignification {unknown}
Comestibles
 c - a ration


   Skills:
 + Level 5.4 Fighting
 + Level 6.0 Axes
 + Level 2.9 Armour
 + Level 3.5 Dodging
 + Level 0.3 Stealth


You had 5 spell levels left.
You didn't know any spells.

Dungeon Overview and Level Annotations

Branches:
Dungeon (3/15)

Altars:
Dithmenos
Makhleb
Ru


Innate Abilities, Weirdness & Mutations

You reflexively headbutt those who attack you in melee.
You have a pair of horns on your head.


Message History

You are too injured to fight recklessly!
You are too injured to fight recklessly!
You are too injured to fight recklessly!
You are too injured to fight recklessly!
You are too injured to fight recklessly!
You are too injured to fight recklessly!
You are too injured to fight recklessly!
Unknown command.
You are too injured to fight recklessly!
You feel sick.
You are no longer poisoned.
You see here a mace.
You open the door.
Found 12 gold pieces and a hand axe.
There is an open door here.
Found a chain mail.
You now have 146 gold pieces (gained 12).
The orc priest mumbles some strange prayers to Beogh against you.
Beogh smites you!
You die...

#.# ##+## ##o#
##...## #..#
##.....## #.##
##.....).## #..##
#.........####...##
+.........')......#
#.......o.####...##
#[.@....## #..##
##.....## #.#####
##...## #.#...#
##+## #.....#
###...# # ##.## ##.
##### #.#
#...####.(.###.#
.............#.#


You could see an orc priest.

Vanquished Creatures
  Sigmund (D:2)
  A worker ant (D:3)
  Natasha (D:2)
  2 adders
  An ooze (D:1)
  A worm (D:2)
  2 leopard geckos
  9 bats
  6 giant cockroaches
  5 goblins
  6 hobgoblins
  7 kobolds
  2 quokkas
  2 ball pythons
  3 frilled lizards
  10 rats
59 creatures vanquished.

Notes
Turn   | Place    | Note
-------+----------+-------------------------------------------
     0 | D:1      | theRoog the Minotaur Berserker began the quest for the Orb.
     0 | D:1      | Reached XP level 1. HP: 19/19 MP: 0/0
    97 | D:1      | Reached XP level 2. HP: 18/27 MP: 1/1
   135 | D:1      | Reached skill level 4 in Axes
   342 | D:1      | Reached ** piety under Trog
   344 | D:1      | Reached XP level 3. HP: 34/34 MP: 2/2
   622 | D:2      | Found a shadowy altar of Dithmenos.
   753 | D:2      | Found a burning altar of Makhleb.
   759 | D:2      | Found a sacrificial altar of Ru.
   917 | D:2      | Noticed Sigmund
   933 | D:2      | Killed Sigmund
   933 | D:2      | Reached skill level 5 in Fighting
   933 | D:2      | Reached skill level 5 in Axes
   933 | D:2      | Reached XP level 4. HP: 16/42 MP: 3/3
   933 | D:2      | Reached XP level 5. HP: 18/48 MP: 4/4
   936 | D:2      | Noticed Natasha
   948 | D:2      | HP: 2/48 [Natasha (3)]
   949 | D:2      | Killed Natasha
  1731 | D:3      | Reached skill level 6 in Axes
  1731 | D:3      | Reached XP level 6. HP: 38/56 MP: 5/5
  1793 | D:3      | Killed from afar by an orc priest

Skill      XL: |  1  2  3  4  5 |
---------------+----------------+-----
Fighting       | 4 5 |  5.4
Axes           | 4 5 6 |  6.0
Dodging        | 3 |  3.5
Armour         | |  2.9
Stealth        | |  0.3

Action                   |  1- 3 |  4- 6 || total
-------------------------+-------+-------++-------
Melee: Hand axe          |    75 |    37 ||   112
       Headbutt          |    16 |     6 ||    22
Invok: Berserk           |     1 |       ||     1
 Stab: Sleeping          |       |     1 ||     1
  Eat: Ration            |       |     1 ||     1
Armor: Animal skin       |    12 |     6 ||    18
Dodge: Dodged            |    68 |    25 ||    93
